 Dungeon Sprint DCSS version 0.29-a0-653-gd47aff6735 (webtiles) character file.

Game seed: 3992750419789530019

1236 purpskrrrp the Fighter (level 8, -4/153 HPs)
             Began as an Ogre Berserker on June 22, 2022.
             Was a Priest of Trog.
             Slain by a demonic crawler (13 damage)
             ... in the Dungeon (Sprint I: "Red Sonja").
             The game lasted 00:07:03 (1074 turns).

purpskrrrp the Fighter (Ogre Berserker)             Turns: 1074, Time: 00:07:05

Health: -4/153     AC:  3    Str: 24    XL:     8   Next: 49%
Magic:  8/8        EV: 11    Int:  8    God:    Trog [***...]
Gold:   428        SH:  0    Dex:  8    Spells: 7/7 levels left

rFire   . . .      SeeInvis .   j - +0 giant club
rCold   . . .      Faith    .   (shield currently unavailable)
rNeg    . . .      Spirit   .   b - +0 animal skin
rPois   .          Reflect  .   (helmet restricted)
rElec   .          Harm     .   (no cloak)
rCorr   .          Rampage  .   (gloves unavailable)
Will    .....      NoTele   +   (boots unavailable)
Stlth   ..........              (no amulet)
HPRegen 0.35/turn               (no ring)
MPRegen 0.11/turn               (no ring)

@: berserking, very quick
A: large, unfitting armour, tough skin 1
a: Renounce Religion, Berserk, Trog's Hand


You were in the Dungeon.
You worshipped Trog.
Trog was most pleased with you.
You visited 1 branch You collected 428 gold pieces.

Inventory:

Hand Weapons
 a - a +0 hand axe
 j - a +0 giant club (weapon)
Missiles
 e - 5 javelins
Armour
 b - a +0 animal skin (worn)
Wands
 i - a wand of flame (7) (quivered)
Scrolls
 h - a scroll of blinking
Potions
 c - a potion of curing
 d - a potion of heal wounds
 f - 3 potions of magic
 g - a potion of berserk rage


   Skills:
 + Level 13.5 Fighting
 + Level 9.9(11.1) Axes
 + Level 7.2(9.3) Maces & Flails
 + Level 8.8 Dodging
 + Level 0.6 Stealth
 + Level 0.2 Evocations


You had 7 spell levels left.
You didn't know any spells.
Your spell library was empty.

Dungeon Overview and Level Annotations

Branches:
Dungeon (1/1)

Altars:
Cheibriados
Dithmenos
Elyvilon
Fedhas
Gozag
Hepliaklqana
Kikubaaqudgha
Makhleb
Nemelex Xobeh
Okawaru
Qazlal
Ru
Sif Muna
Trog
Uskayaw
Vehumet
Wu Jian
Xom
Yredelemnul
Zin
The Shining One
Jiyva
Lugonu

Shops:
D :


Innate Abilities, Weirdness & Mutations

You are too large for most types of armour.
You have tough skin. (AC +1)


Message History

There is an open door, spattered with blood here.
You open the door. 4 demonic crawlers come into view.
The demonic crawler gives a hideous shriek! x2
The demonic crawler shrieks in warning!
The demonic crawler hits you! x3
Things that are here:
a +0 dagger; a +0 robe; a kobold corpse The demonic crawler shrieks in warning!
There is an open door, spattered with blood here.
A red film seems to cover your vision as you go berserk!
You feel yourself moving faster!
You feel mighty! The demonic crawler barely misses you.
The demonic crawler closely misses you. The demonic crawler hits you!
The demonic crawler hits you. x2
The demonic crawler hits you!
The demonic crawler shrieks in warning!
You hear a shout!
You are too berserk!
You hit the demonic crawler but do no damage.
You hear a shout!
The demonic crawler misses you. The demonic crawler hits you!
The demonic crawler misses you. The demonic crawler barely misses you.
The demonic crawler hits you. The demonic crawler hits you!
You bludgeon the demonic crawler!!
The demonic crawler is moderately wounded.
The demonic crawler hits you! x2
* * * LOW HITPOINT WARNING * * *
The demonic crawler hits you.
* * * LOW HITPOINT WARNING * * *
The demonic crawler shrieks in warning! x2
You barely miss the demonic crawler.
The demonic crawler is moderately wounded.
The demonic crawler closely misses you. The demonic crawler hits you!
* * * LOW HITPOINT WARNING * * *
The demonic crawler hits you!
* * * LOW HITPOINT WARNING * * *
The demonic crawler closely misses you. The demonic crawler hits you!
* * * LOW HITPOINT WARNING * * *
The demonic crawler hits you!
You die...

#####################
.÷..#.)'..#__#..@ss.#
.#..'..#..'..'.)#s..#
###'#####'#__####s..'..#
##..#...#.#### #####☼○+
_####..##.# +##
____##'#_.+ .∩...'..._#
..__##_.#'# ____###+#.#


You could see 4 demonic crawlers.

Vanquished Creatures
  2 kobold demonologists (D)
  A slime creature (D)
  Sigmund (D)
  A yak (D)
  A floating eye (D)
  An ogre (D)
  A jelly (D)
  Ijyb (D)
9 creatures vanquished.

Notes
Turn   | Place    | Note
-------+----------+-------------------------------------------
     0 | D        | purpskrrrp the Ogre Berserker began the quest for the Orb.
     0 | D        | Reached XP level 1. HP: 24/24 MP: 1/1
     1 | D        | Noticed Ijyb
     9 | D        | Killed Ijyb
    10 | D        | Reached skill level 5 in Fighting
    10 | D        | Reached XP level 2. HP: 19/36 MP: 2/2
    10 | D        | Reached XP level 3. HP: 23/44 MP: 3/3
   201 | D        | Noticed an ogre
   209 | D        | Killed an ogre
   210 | D        | Reached skill level 8 in Fighting
   210 | D        | Reached skill level 5 in Dodging
   210 | D        | Reached XP level 4. HP: 20/57 MP: 4/4
   532 | D        | Noticed Sigmund
   538 | D        | Killed Sigmund
   538 | D        | Reached ** piety under Trog
   539 | D        | Reached skill level 10 in Fighting
   539 | D        | Reached skill level 1 in Maces & Flails
   539 | D        | Reached XP level 5. HP: 70/70 MP: 5/5
   539 | D        | Reached XP level 6. HP: 79/79 MP: 6/6
   565 | D        | Found a burning altar of Makhleb.
   565 | D        | Found a viscous altar of Jiyva.
   565 | D        | Found a shimmering altar of Xom.
   565 | D        | Found a corrupted altar of Lugonu.
   565 | D        | Noticed a slime creature
   572 | D        | Killed a slime creature
   573 | D        | Reached skill level 11 in Fighting
   573 | D        | Reached XP level 7. HP: 50/88 MP: 7/7
   747 | D        | Found an ornate altar of the Wu Jian Council.
   747 | D        | Found a shimmering blue altar of Sif Muna.
   749 | D        | Found a radiant altar of Vehumet.
   762 | D        | Found Etaraptustre's Book Emporium.
   762 | D        | Found an ancient bone altar of Kikubaaqudgha.
   762 | D        | Found a hazy altar of Hepliaklqana.
   762 | D        | Found a stormy altar of Qazlal.
   762 | D        | Found a hide-covered altar of Uskayaw.
   762 | D        | Found a blossoming altar of Fedhas.
   762 | D        | Found a bloodstained altar of Trog.
   762 | D        | Found an iron altar of Okawaru.
   762 | D        | Found a basalt altar of Yredelemnul.
   762 | D        | Found a glowing golden altar of the Shining One.
   762 | D        | Found a snail-covered altar of Cheibriados.
   762 | D        | Found a sacrificial altar of Ru.
   762 | D        | Found a glowing silver altar of Zin.
   762 | D        | Found a shadowy altar of Dithmenos.
   762 | D        | Found a white marble altar of Elyvilon.
   762 | D        | Noticed a yak
   767 | D        | Killed a yak
   768 | D        | Reached skill level 12 in Fighting
   768 | D        | Found an opulent altar of Gozag.
   769 | D        | Found a sparkling altar of Nemelex Xobeh.
   946 | D        | Noticed a kobold demonologist
   948 | D        | Reached *** piety under Trog
   949 | D        | Reached skill level 5 in Maces & Flails
   949 | D        | Noticed a rust devil
   949 | D        | Noticed a kobold demonologist
   956 | D        | Noticed a chaos spawn
   957 | D        | Killed a kobold demonologist
   958 | D        | Reached skill level 13 in Fighting
   958 | D        | Reached XP level 8. HP: 102/102 MP: 8/8
   961 | D        | Noticed a rust devil
   964 | D        | Killed a kobold demonologist
  1067 | D        | Noticed a demonic crawler
  1067 | D        | Noticed a demonic crawler
  1067 | D        | Noticed a demonic crawler
  1067 | D        | Noticed a demonic crawler
  1074 | D        | Slain by a demonic crawler

Illustrated notes

Levels and vault maps discovered:
D:        dungeon_sprint_1 [red_sonja_temple_1, red_sonja_temple_small_1]

Skill      XL: |  1  2  3  4  5  6  7  8 |
---------------+-------------------------+-----
Fighting       | 5 8 10 11 13 | 13.5
Axes           | 4 6 7 8 9 |  9.9
Dodging        | 4 5 6 7 8 |  8.8
Maces & Flails | 1 3 6 7 |  7.2
Stealth        | |  0.6
Evocations     | |  0.2

Action                   |  1- 3 |  4- 6 |  7- 9 || total
-------------------------+-------+-------+-------++-------
Melee: Hand axe          |    13 |       |       ||    13
       Giant club        |       |     9 |    24 ||    33
Invok: Berserk           |     2 |     1 |     3 ||     6
Evoke: Wand              |       |       |     2 ||     2
  Use: Potion            |       |     1 |     1 ||     2
Armor: Animal skin       |       |     4 |     1 ||     5
Dodge: Dodged            |     1 |     2 |    12 ||    15

Table legend: (Time is in decaauts)
 A = Elapsed time spent in this place.
 B = Non-inter-level travel time spent in this place.
 C = Inter-level travel time spent in this place.
 D = Time resting spent in this place.
 E = Time spent auto-exploring this place.
 F = Levels seen in this place.
 G = Mean time per level.
                   A        B        C        D        E       F      G
               +--------+--------+--------+--------+--------+-----+--------+
         Total |   1112 |   1036 |     76 |    901 |      1 |   1 | 1112.0 |
       Dungeon |   1112 |   1036 |     76 |    901 |      1 |   1 | 1112.0 |
               +--------+--------+--------+--------+--------+-----+--------+

Top non-repeatable levels by time:
       D: 1112 daAuts
